 Dungeon Crawl Stone Soup version 0.18-a0-1484-g95ebbe1 (webtiles) character file.

93 Oddball22 the Sneak (level 4, -3/22 HPs)
             Began as a Vine Stalker Enchanter on Mar 3, 2016.
             Slain by Sigmund
             ... wielding a +0 scythe
              (9 damage)
             ... on level 3 of the Dungeon.
             The game lasted 00:06:12 (1781 turns).

Oddball22 the Sneak (Vine Stalker Enchanter)        Turns: 1781, Time: 00:06:12

Health: -3/22      AC:  5    Str: 10    XL:     4   Next: 61%
Magic:  0/9        EV: 13    Int: 15    God:
Gold:   122        SH:  0    Dex: 16    Spells: 3 memorised, 2 levels left

rFire  . . .     SeeInvis .     a - +1 dagger
rCold  . . .     Gourm    .     b - +1 robe
rNeg   . . .     Faith    .     (no shield)
rPois  .         Spirit   +     o - +2 hat
rElec  .         Dismiss  .     (no cloak)
rCorr  +         Reflect  .     (no gloves)
SustAt .         Harm     .     (no boots)
MR     .....                    (no amulet)
Stlth  ++++......               f - ring of resist corrosion
                                t - ring of stealth

@: not resistant to hostile enchantments, stealthy
A: fangs 2, regeneration 1, magic shield, antimagic bite, no device heal 3, rot
immunity
a: no special abilities


You were on level 3 of the Dungeon.
You were not hungry.

You visited 1 branch of the dungeon, and saw 3 of its levels.

You collected 122 gold pieces.

Inventory:

Hand Weapons
 a - a +1 dagger (weapon)
Missiles
 r - 24 bolts
Armour
 b - a +1 robe (worn)
 o - a +2 hat (worn)
Jewellery
 f - a ring of resist corrosion (right hand)
 t - a ring of stealth (left hand)
Scrolls
 e - a scroll of fog {unknown}
 i - a scroll of immolation {unknown}
 j - 3 scrolls of identify {unknown}
 l - 4 scrolls of remove curse {unknown}
Potions
 h - a potion of beneficial mutation {unknown}
 k - a potion of haste {unknown}
 m - a potion of heal wounds {unknown}
 q - a potion of brilliance {unknown}
 s - a potion of curing {unknown}
Books
 c - a book of Maledictions

   Spells                             Type                      Level
   a - Corona                         Hexes                        1
   b - Ensorcelled Hibernation        Hexes/Ice                    2
   c - Confuse                        Hexes                        3
   d - Tukima's Dance                 Hexes                        3
   e - Dazzling Spray                 Conjuration/Hexes            3
Comestibles
 d - 3 bread rations
 g - a slice of pizza
 n - a meat ration
 p - a beef jerky


   Skills:
 + Level 1.2 Fighting
 * Level 2.4 Short Blades
 + Level 2.2 Dodging
 - Level 3.6 Stealth
 + Level 2.9 Spellcasting
 - Level 3.0 Hexes


You had 2 spell levels left.
You knew the following spells:

 Your Spells              Type           Power        Failure   Level  Hunger
a - Corona                Hex            ##.....      8%          1    #......
b - Ensorcelled Hibernat  Hex/Ice        #.....       17%         2    ##.....
c - Confuse               Hex            ##......     21%         3    ###....


Dungeon Overview and Level Annotations

Branches:
Dungeon (3/15)

Altars:
Makhleb

Annotations:
D:3 Sigmund


Innate Abilities, Weirdness & Mutations

You have extremely sharp teeth.
Your natural rate of healing is unusually fast.
When hurt, damage is shared between your health and your magic reserves.
Your bite disrupts and absorbs the magic of your enemies.
Potions and wands cannot restore your health.
You are immune to rotting.


Message History

The orc is severely wounded.
The orc closely misses you.
You hit the orc but do no damage. Your bite misses the orc.
The orc is severely wounded.
The orc closely misses you. Something hits you.
You hit the orc but do no damage. You bite the orc, but do no damage.
The orc is severely wounded.
The orc barely misses you.
You hit the orc.
You kill the orc!
You hear some strange, mumbled words.
A puff of flame appears from out of thin air!
The puff of flame hits you! Something hits you!
* * * LOW HITPOINT WARNING * * *
Things that are here:
a mace; a chain mail; an orc corpse You hit something.
You barely miss something. Something hits you!
You die...

# .. .# .. ... .. .... .#
.....#########..##..
...........@.J......
#.........###..##...
##.#####..####.....
####.###.........(...#
#.....##.##...........
#.....#..##........$.#
#.......####.........#
.###....................#
....$....###.##...###


You could see an ooze.

Vanquished Creatures
  A hound (D:2)
  An adder (D:2)
  A worm (D:2)
  A dart slug (D:1)
  2 giant geckos
  An orc (D:3)
  2 ball pythons (D:2)
  6 bats
  6 giant cockroaches
  7 goblins
  A hobgoblin (D:1)
  4 giant newts (D:2)
  3 kobolds
  13 rats
49 creatures vanquished.

Notes
Turn   | Place    | Note
--------------------------------------------------------------
     0 | D:1      | Oddball22 the Vine Stalker Enchanter began the quest for the Orb.
     0 | D:1      | Reached XP level 1. HP: 9/9 MP: 4/4
    12 | D:1      | Reached skill level 1 in Short Blades
   110 | D:1      | Reached XP level 2. HP: 10/14 MP: 6/6
   665 | D:1      | Reached skill level 1 in Fighting
   668 | D:1      | Reached XP level 3. HP: 15/18 MP: 7/7
  1162 | D:2      | Reached XP level 4. HP: 12/22 MP: 5/9
  1229 | D:2      | Learned a level 2 spell: Ensorcelled Hibernation
  1233 | D:2      | Learned a level 3 spell: Confuse
  1370 | D:2      | Found a burning altar of Makhleb.
  1718 | D:3      | Noticed Sigmund
  1781 | D:3      | Slain by Sigmund

Vault maps used:
D:1:      dpeg_arrival_prison
D:2:      makhleb_blood_cavern_becter, grunt_ministairs_8
D:3:      nicolae_overflow_crystal_walls, dk_yredelemnul_ordeal, uniq_jessica,
          uniq_sigmund

Skill      XL: |  1  2  3 |
---------------+----------+-----
Short Blades   | 1 2 |  2.4
Fighting       | 1 |  1.2
Dodging        | 2 |  2.2
Stealth        | |  3.6
Spellcasting   | |  2.9
Hexes          | |  3.0

Action                   |  1- 3 |  4- 6 || total
-------------------------+-------+-------++-------
Melee: Dagger            |   121 |    35 ||   156
 Stab: Sleeping          |     8 |     5 ||    13
  Eat: Chunk             |     1 |     2 ||     3
